cohdb
Replays
Latest Replays
All Replays
Popular Replays
Top Player Replays
Match Explorer
How It Works
Community
CoH3 Stats
Reddit
Sign in to upload your games and track your stats! →
Sign in with Steam
Match 41563897
Unlisted
Match 41563897
Overview
Messages
Build Orders
End
Kradschützen Motorcycle Team
Panzergrenadier Squad
Panzergrenadier Squad
Construct Light Support Kompanie
Combat Half-tracks
250 Light Carrier
Selects Italian Infantry
Fire Support Elements
Pak 38 Mechanized Group
Flakvierling Half-track
Selects Guastatori Squad
Panzerjäger Squad
MG34 Team
Selects L6/40 Light Tank Combat Group
Vehicle Survival Package
Selects Towed Cannone da 105/28 Field Howitzer
Towed Cannone da 105/28 Field Howitzer
Construct Panzerarmee Kommand
Panzer III L Medium Tank
Guastatori Squad
Selects Defensive Operations
Veteran Squad Leaders
Selects Prepared Positions
Armored Reserves
Tiger Heavy Tank
Rapid Advance
Tungsten Core Ammunition
Selects Propaganda War
Advanced Optics
Emergency Repair Kits
Pak 38 Anti-tank Gun Team
Advanced Field Repairs
HIMYNAMEISHO
Pizzeria
Esxile
CAPTAINSTRONG
0
0
Comments
sign in to comment!
No comments posted yet!